 Dungeon Crawl Stone Soup version 0.30-a0-389-g8d7d949f56 (webtiles) character file.

Game seed: 15944468726592391459

555 bande the Protected (level 7, -2/44 HPs)
             Began as a Gargoyle Fighter on Dec 4, 2022.
             Slain by an ice beast (11 damage)
             ... on level 5 of the Dungeon.
             The game lasted 00:08:07 (3033 turns).

bande the Protected (Gargoyle Fighter)              Turns: 3033, Time: 00:08:08

Health: -2/44      AC: 15    Str: 19    XL:     7   Next: 30%
Magic:  7/7        EV:  7    Int:  9    God:
Gold:   204        SH:  7    Dex: 11    Spells: 6/6 levels left

rFire   . . .      SeeInvis .    a - +0 war axe
rCold   . . .      Faith    .    c - +1 buckler
rNeg    + . .      Spirit   .    s - +0 chain mail
rPois   ∞          Reflect  .    (no helmet)
rElec   +          Harm     .    (no cloak)
rCorr   .          Rampage  .    (no gloves)
Will    .....                    (no boots)
Stlth   ..........               (no amulet)
HPRegen 0.27/turn                (no ring)
MPRegen 0.10/turn                (no ring)

@: no status effects
A: sickness immunity, AC +4, negative energy resistance 1, electricity
resistance, torment resistance 1, petrification resistance
a: no special abilities


You were on level 5 of the Dungeon.
You visited 1 branch of the dungeon, and saw 5 of its levels.

You collected 204 gold pieces.

Inventory:

Hand Weapons
 a - a +0 war axe (weapon)
 f - a +0 flail
 o - a +0 war axe
Armour
 c - a +1 buckler (worn)
 s - a +0 chain mail (worn)
Jewellery
 g - a ring of fire
Wands
 p - a wand of polymorph (8)
Scrolls
 e - 3 scrolls of enchant armour
 l - a scroll of fear
 m - 2 scrolls of teleportation
 r - a scroll of amnesia
Potions
 d - 3 potions of might
 h - 4 potions of curing
 i - a potion of resistance
 j - a potion of flight
 k - a potion of brilliance
 n - a potion of mutation
 q - a potion of invisibility {unknown}


   Skills:
 + Level 4.3 Fighting
 + Level 7.1 Axes
 + Level 8.3 Armour
 + Level 8.2 Shields
 * Level 0.2 Evocations


You had 6 spell levels left.
You didn't know any spells.
Your spell library contained the following spells:

 Spells                   Type           Power      Damage    Failure   Level
 Apportation              Tloc           0%         N/A       99%         1
 Kiss of Death            Conj/Necr      0%         2d5       99%         1
 Wereblood                Tmut           0%         N/A       100%        2
 Confusing Touch          Hex            0%         N/A       100%        3
 Stone Arrow              Conj/Erth      0%         3d7       100%        3
 Animate Armour           Summ/Erth      0%         N/A       100%        4
 Dispel Undead            Necr           0%         3d6       100%        4
 Summon Hydra             Summ           0%         N/A       100%        7
 Lehudib's Crystal Spear  Conj/Erth      0%         10d2      100%        8
 Sublimation of Blood     Necr           Unusable   N/A       N/A         2

Dungeon Overview and Level Annotations

Branches:
Dungeon (5/15)
 Temple: D:4-7

Altars:
Kikubaaqudgha
Yredelemnul

Shops:
D:1 *   D:4 (


Innate Abilities, Weirdness & Mutations

You are immune to sickness and miasma.
Your stone body is resilient. (AC +4)
You are immune to poison.
You resist negative energy. (rN+)
You are resistant to electric shocks. (rElec)
You are resistant to unholy torment.
You are immune to petrification.


Message History

You block the ice beast's attack.
You closely miss the ice beast.
The ice beast is heavily wounded.
The ice beast hits you but does no damage.
You closely miss the ice beast.
The ice beast is heavily wounded.
The ice beast hits you but does no damage.
You hit the ice beast.
The ice beast is heavily wounded.
The ice beast hits you but does no damage.
The ice beast hits you. The ice beast freezes you!
You closely miss the ice beast.
The ice beast is heavily wounded.
The ice beast hits you but does no damage.
You hit the ice beast but do no damage.
The ice beast is heavily wounded.
You block the ice beast's attack.
You closely miss the ice beast.
The ice beast is heavily wounded.
You block the ice beast's attack.
You hit the ice beast.
The ice beast is severely wounded.
The ice beast hits you. The ice beast freezes you!
* * * LOW HITPOINT WARNING * * *
You are too injured to fight recklessly!
You are too injured to fight recklessly!
You are too injured to fight recklessly!
You are too injured to fight recklessly!
You are too injured to fight recklessly!
You are too injured to fight recklessly!
You are too injured to fight recklessly!
You barely miss the ice beast.
The ice beast is severely wounded.
The ice beast hits you but does no damage.
You closely miss the ice beast.
The ice beast is severely wounded.
The ice beast hits you.
* * * LOW HITPOINT WARNING * * *
The ice beast freezes you!
You die...

#.....~..# .........#
#######..# ## ##...##.##
.. #.....#.# .#
......#.# .# #.....#.#
.#
##...##.#########Y#.#...
.##.............@....#
.################.##.#
.# .# ## ##


You could see an ice beast.

Vanquished Creatures
  A phantom (D:5)
  A scorpion (D:5)
  Jessica (D:3)
  Natasha (thrice) (D:2)
  2 orc wizards
  A scorpion zombie (D:3)
  2 hound zombies (D:3)
  3 gnolls (D:5)
  3 adders
  A worm (D:2)
  2 dart slugs
  9 orcs
  An endoplasm (D:1)
  3 giant cockroaches
  7 goblins
  6 hobgoblins
  2 kobolds
  4 quokkas
  2 ball pythons
  2 bats
  2 frilled lizards (D:1)
  A giant cockroach zombie (D:3)
59 creatures vanquished.

Notes
Turn   | Place    | Note
-------+----------+-------------------------------------------
     0 | D:1      | bande the Gargoyle Fighter began the quest for the Orb.
     0 | D:1      | Reached XP level 1. HP: 14/14 MP: 1/1
   102 | D:1      | Reached XP level 2. HP: 17/19 MP: 2/2
   150 | D:1      | Found Tiydgh's General Store.
   172 | D:1      | Found a faded altar of an unknown god.
   178 | D:1      | Got Plato's Directory of Elsewhere
   753 | D:2      | Reached XP level 3. HP: 24/24 MP: 3/3
   841 | D:2      | Noticed Natasha
   848 | D:2      | Killed Natasha
  1139 | D:2      | Noticed Natasha
  1145 | D:2      | Killed Natasha
  1146 | D:2      | Reached XP level 4. HP: 20/29 MP: 4/4
  1413 | D:2      | Noticed Natasha
  1422 | D:2      | Killed Natasha
  1568 | D:3      | Reached XP level 5. HP: 33/33 MP: 5/5
  1581 | D:3      | Reached XP level 6. HP: 34/38 MP: 6/6
  1648 | D:3      | Noticed Jessica
  1655 | D:3      | Killed Jessica
  1792 | D:3      | Found a basalt altar of Yredelemnul.
  2397 | D:4      | Found an ancient bone altar of Kikubaaqudgha.
  2551 | D:4      | Found Littybat's Antique Weapon Emporium.
  2735 | D:5      | Entered Level 5 of the Dungeon
  2869 | D:5      | Reached XP level 7. HP: 41/43 MP: 7/7
  3033 | D:5      | Slain by an ice beast

Illustrated notes

Levels and vault maps discovered:
D:1:      heliophobic_arrival_glass_houses, layout_rooms, serial_shops,
          nicolae_shop_temple_entry_statues_fountains,
          shapermc_ecumenical_altar_rom_forum, serial_bayou_pond_d
D:2:      layout_basic, uniq_natasha
D:3:      layout_basic, nicolae_yredelemnul_corpse_copse, uniq_jessica
D:4:      layout_cave_pools, lemuel_coloured_pillars_altar, serial_shops,
          nicolae_shop_statue_plus, minmay_distorted
D:5:      layout_loops_ring, corexii_leaking_fountain

Skill      XL: |  1  2  3  4  5  6 |
---------------+-------------------+-----
Axes           | 2 6 7 |  7.1
Fighting       | 4 |  4.3
Armour         | 8 |  8.3
Shields        | 8 |  8.2
Evocations     | |  0.2

Action                   |  1- 3 |  4- 6 |  7- 9 || total
-------------------------+-------+-------+-------++-------
Melee: War axe           |    48 |   138 |    37 ||   223
  Use: Scroll            |       |    11 |       ||    11
       Potion            |       |     1 |       ||     1
Armor: Scale mail        |    19 |    61 |       ||    80
       Chain mail        |       |    24 |    24 ||    48
Dodge: Dodged            |    20 |    50 |     3 ||    73
Block: Buckler           |     5 |    43 |     8 ||    56

Table legend: (Time is in decaauts)
 A = Elapsed time spent in this place.
 B = Non-inter-level travel time spent in this place.
 C = Inter-level travel time spent in this place.
 D = Time resting spent in this place.
 E = Time spent auto-exploring this place.
 F = Levels seen in this place.
 G = Mean time per level.
                   A        B        C        D        E       F      G
               +--------+--------+--------+--------+--------+-----+--------+
         Total |   3091 |   2962 |    129 |    391 |   1860 |   5 |  618.2 |
       Dungeon |   3091 |   2962 |    129 |    391 |   1860 |   5 |  618.2 |
               +--------+--------+--------+--------+--------+-----+--------+

Top non-repeatable levels by time:
     D:2: 969 daAuts
     D:3: 657 daAuts
     D:4: 606 daAuts
     D:1: 589 daAuts
     D:5: 268 daAuts
